Sabres vs RedWings

Created - February 29 2012 at 18:26

Goals
1 2 3 T
Sabres 1 0 2 3
RedWings 0 0 0 0
Shots
1 2 3 T
Sabres 7 15 9 31
RedWings 6 4 12 22

Period #1

1. Sabres , Marian Hossa 25 (Christian Ehrhoff, Mike Richards) at 0:24

Penalties :
Eric Brewer (DET) for Interference (Minor) at 1:40, Grant Clitsome (BUF) for Slashing (Minor) at 6:20, Brian Campbell (DET) for Fighting (Major) at 18:53, Mike Richards (BUF) for Fighting (Major) at 18:53, Tuomo Ruutu (BUF) for Slashing (Minor) at 18:58

Period #2

No Goal

Penalties :
Jamie Langenbrunner (DET) for Goalie Interference (Minor) at 1:10, Pavel Kubina (DET) for Roughing (Minor) at 2:01, Chris Stewart (BUF) for Hooking (Minor) at 5:29, Pavel Kubina (DET) for Holding (Minor) at 10:15

Period #3

2. Sabres , Marian Hossa 26 (Tuomo Ruutu, Mike Richards) at 12:21
3. Sabres , Brett Sterling 1 (Marian Hossa, Trevor Daley) at 18:05

Penalties :
Jordan Staal (BUF) for Hooking (Minor) at 2:19, Pavel Kubina (DET) for Cross-checking (Minor) at 12:41, Eric Brewer (DET) for Hooking (Minor) at 13:23, Brad Stuart (BUF) for High sticking (Minor) at 19:05

Goalie Stats

Corey Crawford (BUF), 22 saves from 22 shots - (1.000), W, 26-30-2, 60:00 minutes
Roberto Luongo (DET), 28 saves from 31 shots - (0.903), L, 35-23-7, 60:00 minutes

Players Stats

Sabres
Player Name              G  A  P  +/- PIM S  H  SB FO    MP 
------------------------------------------------------------
Brad Stuart              0  0  0   2  2   1  1  1  0/0   17 
Brett Sterling           1  0  1   1  0   2  0  0  0/0   17 
Carson McMillan          0  0  0   0  0   0  0  0  0/0   6  
Chris Stewart            0  0  0   0  2   4  2  0  0/1   15 
Christian Ehrhoff        0  1  1   2  0   1  1  1  0/0   22 
Dan Cleary               0  0  0   0  0   7  5  0  0/2   20 
David Legwand            0  0  0   0  0   2  0  1  13/24 16 
Grant Clitsome           0  0  0   0  2   0  2  0  0/0   15 
Jeff Schultz             0  0  0   0  0   0  0  0  0/0   6  
Jordan Staal             0  0  0   0  2   2  1  0  7/21  20 
Karl Alzner              0  0  0   0  0   1  0  2  0/0   15 
Marian Hossa             2  1  3   3  0   5  0  0  7/15  23 
Mike Knuble              0  0  0   1  0   0  0  0  0/0   18 
Mike Richards            0  2  2   2  5   3  0  1  7/17  16 
Ryan Carter              0  0  0   0  0   0  2  0  1/6   5  
Trevor Daley             0  1  1   1  0   0  0  4  0/0   23 
Tuomo Ruutu              0  1  1   2  2   0  1  0  3/8   15 
Tyler Myers              0  0  0   1  0   3  1  2  0/0   22 
RedWings
Player Name              G  A  P  +/- PIM S  H  SB FO    MP 
------------------------------------------------------------
Alexandre Burrows        0  0  0  -1  0   2  2  0  2/2   17 
Brian Campbell           0  0  0   0  5   1  0  2  0/0   20 
Curtis Glencross         0  0  0  -1  0   4  5  0  0/3   17 
Eric Brewer              0  0  0  -1  4   0  2  2  0/0   16 
Jamie Langenbrunner      0  0  0  -1  2   6  3  0  0/1   13 
Keith Yandle             0  0  0  -1  0   1  2  2  0/0   26 
Kris Draper              0  0  0   0  0   0  0  0  0/0   6  
Marty Reasoner           0  0  0  -1  0   1  0  0  16/26 18 
Nate Thompson            0  0  0   0  0   0  1  0  8/14  10 
Nik Antropov             0  0  0  -1  0   1  2  0  16/24 17 
Paul Martin              0  0  0  -1  0   0  3  2  0/0   22 
Pavel Kubina             0  0  0  -1  6   0  1  2  0/0   15 
Ray Whitney              0  0  0  -1  0   3  0  0  1/1   14 
Ryan Whitney             0  0  0  -2  0   0  0  0  0/0   20 
Sergei Kostitsyn         0  0  0  -1  0   0  1  0  1/1   18 
Travis Zajac             0  0  0  -1  0   1  0  1  12/22 14 
Zach Parise              0  0  0  -1  0   2  4  1  0/0   19 
Zack Stortini            0  0  0   0  0   0  0  0  0/0   6  

3 Stars

1 - Marian Hossa (BUF)
2 - Corey Crawford (BUF)
3 - Brett Sterling (BUF)

Power Play

Sabres - 0 on 6 Attempt(s) - 0.00%
RedWings - 0 on 5 Attempt(s) - 0.00%

Penalty Kill

Sabres - 5 on 5 Attempt(s) - 100.00% - Score 0 goal in Penalty Kill
RedWings - 6 on 6 Attempt(s) - 100.00% - Score 0 goal in Penalty Kill

Game Notes

Mike Richards beats up Brian Campbell at 18:53 of 1st period
Jordan Staal is injured at 15:40 of 3rd period (Sprained Left Knee)

Finance

Level 1 -- Attendance: 6500 (100.00%) -- Ticket Income $487,500.00
Level 2 -- Attendance: 5000 (100.00%) -- Ticket Income $225,000.00
Level 3 -- Attendance: 3500 (100.00%) -- Ticket Income $87,500.00
Level 4 -- Attendance: 2880 (70.83%) -- Ticket Income $43,200.00
Luxury Box -- Attendance: 1000 (100.00%) -- Ticket Income $150,000.00
Game was played at the Joe Louis Arena
Total Attendance: 18880 (94.09%)
Total Ticket Income: $1,016,371.00
Other Income: $221,835.30
Total Income: $1,238,206.00


Play by Play

Period #1

0:01 of 1st period - Travis Zajac wins face-off versus Mike Richards in neutral zone.
0:03 of 1st period - Keith Yandle is hit by Tuomo Ruutu.
0:06 of 1st period - Ray Whitney is hit by Brad Stuart.
0:24 of 1st period - Shot by Marian Hossa.
0:24 of 1st period - Goal by Marian Hossa - Sabres : 1 - RedWings : 0.
0:25 of 1st period - Nik Antropov wins face-off versus Jordan Staal in neutral zone.
0:33 of 1st period - Jordan Staal is hit by Zach Parise and loses puck.
0:40 of 1st period - Shot by Dan Cleary.
0:40 of 1st period - Deflect By Jordan Staal.
0:40 of 1st period - Shot Blocked by Paul Martin.
1:24 of 1st period - Shot by Ray Whitney.
1:24 of 1st period - Stopped by Corey Crawford without a rebound.
1:25 of 1st period - Mike Richards wins face-off versus Marty Reasoner in Sabres zone.
1:25 of 1st period - Mike Richards is hit by Jamie Langenbrunner.
1:40 of 1st period - Minor Penalty to Eric Brewer for Interference.
1:41 of 1st period - Alexandre Burrows wins face-off versus Mike Richards in RedWings zone.
2:44 of 1st period - Shot by Tyler Myers.
2:44 of 1st period - Stopped by Roberto Luongo without a rebound.
2:45 of 1st period - Tuomo Ruutu wins face-off versus Nate Thompson in RedWings zone.
3:08 of 1st period - Shot by Christian Ehrhoff.
3:08 of 1st period - Shot Misses the Net.
3:12 of 1st period - Shot by Tuomo Ruutu.
3:12 of 1st period - Shot Misses the Net.
3:14 of 1st period - Shot by Christian Ehrhoff.
3:14 of 1st period - Stopped by Roberto Luongo without a rebound.
3:15 of 1st period - Jordan Staal wins face-off versus Curtis Glencross in RedWings zone.
3:21 of 1st period - Dan Cleary is hit by Paul Martin and loses puck.
3:44 of 1st period - Shot by Chris Stewart.
3:44 of 1st period - Deflect By David Legwand.
3:44 of 1st period - Stopped by Roberto Luongo without a rebound.
3:45 of 1st period - Nate Thompson wins face-off versus David Legwand in RedWings zone.
3:54 of 1st period - Icing by Brett Sterling.
3:55 of 1st period - David Legwand wins face-off versus Nik Antropov in Sabres zone.
4:23 of 1st period - Shot by Chris Stewart.
4:23 of 1st period - Shot Hit the Post.
6:09 of 1st period - Shot by Curtis Glencross.
6:09 of 1st period - Shot Misses the Net.
6:11 of 1st period - Shot by Jamie Langenbrunner.
6:11 of 1st period - Stopped by Corey Crawford without a rebound.
6:12 of 1st period - Nate Thompson wins face-off versus David Legwand in Sabres zone.
6:19 of 1st period - Shot by Nate Thompson.
6:19 of 1st period - Shot Hit the Post.
6:20 of 1st period - Minor Penalty to Grant Clitsome for Slashing.
6:21 of 1st period - Travis Zajac wins face-off versus Marian Hossa in Sabres zone.
6:46 of 1st period - Shot by Paul Martin.
6:46 of 1st period - Shot Misses the Net.
6:48 of 1st period - Shot by Travis Zajac.
6:48 of 1st period - Deflect By Zach Parise.
6:48 of 1st period - Shot Blocked by Trevor Daley.
6:50 of 1st period - Shot by Travis Zajac.
6:50 of 1st period - Shot Misses the Net.
6:52 of 1st period - Shot by Paul Martin.
6:52 of 1st period - Shot Blocked by Tyler Myers.
7:12 of 1st period - Shot by Keith Yandle.
7:12 of 1st period - Shot Misses the Net.
7:24 of 1st period - Brad Stuart is hit by Alexandre Burrows and loses puck.
7:50 of 1st period - Off-side.
7:51 of 1st period - Travis Zajac wins face-off versus Marian Hossa in neutral zone.
8:20 of 1st period - Travis Zajac is hit by Grant Clitsome and loses puck.
8:38 of 1st period - Curtis Glencross is hit by Chris Stewart and loses puck.
8:43 of 1st period - Eric Brewer is hit by Chris Stewart and loses puck.
9:16 of 1st period - Mike Knuble is hit by Curtis Glencross and loses puck.
10:32 of 1st period - Icing by Marian Hossa.
10:33 of 1st period - Ryan Carter wins face-off versus Nate Thompson in Sabres zone.
10:33 of 1st period - Ryan Carter is hit by Nate Thompson.
10:36 of 1st period - Icing by Christian Ehrhoff.
10:37 of 1st period - Nate Thompson wins face-off versus Ryan Carter in Sabres zone.
11:35 of 1st period - Karl Alzner is hit by Curtis Glencross and loses puck.
11:47 of 1st period - Icing by Brett Sterling.
11:48 of 1st period - Nik Antropov wins face-off versus David Legwand in Sabres zone.
11:51 of 1st period - Shot by Zach Parise.
11:51 of 1st period - Shot Misses the Net.
11:54 of 1st period - Icing by Grant Clitsome.
11:55 of 1st period - Marty Reasoner wins face-off versus David Legwand in Sabres zone.
11:56 of 1st period - Shot by Jamie Langenbrunner.
11:56 of 1st period - Stopped by Corey Crawford without a rebound.
11:57 of 1st period - Marty Reasoner wins face-off versus Jordan Staal in Sabres zone.
12:14 of 1st period - Shot by Jamie Langenbrunner.
12:14 of 1st period - Stopped by Corey Crawford with a rebound.
12:41 of 1st period - Icing by Tyler Myers.
12:42 of 1st period - Jordan Staal wins face-off versus Nik Antropov in Sabres zone.
14:02 of 1st period - Shot by Chris Stewart.
14:02 of 1st period - Shot Blocked by Brian Campbell.
14:06 of 1st period - Shot by Chris Stewart.
14:06 of 1st period - Stopped by Roberto Luongo without a rebound.
14:07 of 1st period - Travis Zajac wins face-off versus Jordan Staal in RedWings zone.
14:18 of 1st period - Shot by Travis Zajac.
14:18 of 1st period - Shot Misses the Net.
14:36 of 1st period - Dan Cleary is hit by Keith Yandle and loses puck.
14:49 of 1st period - Shot by Ray Whitney.
14:49 of 1st period - Shot Blocked by Karl Alzner.
15:22 of 1st period - Shot by Curtis Glencross.
15:22 of 1st period - Shot Misses the Net.
15:24 of 1st period - Shot by Curtis Glencross.
15:24 of 1st period - Shot Misses the Net.
15:26 of 1st period - Shot by Jamie Langenbrunner.
15:26 of 1st period - Deflect By Curtis Glencross.
15:26 of 1st period - Stopped by Corey Crawford without a rebound.
15:27 of 1st period - Marty Reasoner wins face-off versus Ryan Carter in Sabres zone.
15:34 of 1st period - Shot by Jamie Langenbrunner.
15:34 of 1st period - Shot Misses the Net.
15:38 of 1st period - Shot by Jamie Langenbrunner.
15:38 of 1st period - Stopped by Corey Crawford without a rebound.
15:39 of 1st period - Mike Richards wins face-off versus Marty Reasoner in Sabres zone.
15:51 of 1st period - Mike Richards is hit by Eric Brewer and loses puck.
16:15 of 1st period - Icing by Curtis Glencross.
16:16 of 1st period - Marty Reasoner wins face-off versus Jordan Staal in RedWings zone.
16:44 of 1st period - Off-side.
16:45 of 1st period - David Legwand wins face-off versus Nik Antropov in neutral zone.
17:00 of 1st period - Chris Stewart is hit by Zach Parise and loses puck.
17:05 of 1st period - Shot by Zach Parise.
17:05 of 1st period - Shot Blocked by Karl Alzner.
17:43 of 1st period - Icing by Brett Sterling.
17:44 of 1st period - Marty Reasoner wins face-off versus Chris Stewart in Sabres zone.
18:34 of 1st period - Shot by Dan Cleary.
18:34 of 1st period - Stopped by Roberto Luongo without a rebound.
18:35 of 1st period - Mike Richards wins face-off versus Travis Zajac in RedWings zone.
18:38 of 1st period - Shot by Mike Richards.
18:38 of 1st period - Stopped by Roberto Luongo without a rebound.
18:39 of 1st period - Travis Zajac wins face-off versus Ryan Carter in RedWings zone.
18:39 of 1st period - Travis Zajac is hit by Ryan Carter.
18:52 of 1st period - Off-side.
18:53 of 1st period - Nik Antropov wins face-off versus Mike Richards in neutral zone.
18:53 of 1st period - Mike Richards beats up Brian Campbell.
18:53 of 1st period - Penalty to Brian Campbell for Fighting.
18:53 of 1st period - Penalty to Mike Richards for Fighting.
18:54 of 1st period - Nik Antropov wins face-off versus Jordan Staal in neutral zone.
18:58 of 1st period - Minor Penalty to Tuomo Ruutu for Slashing.
18:59 of 1st period - Marian Hossa wins face-off versus Travis Zajac in Sabres zone.
19:33 of 1st period - Icing by Keith Yandle.
19:34 of 1st period - Travis Zajac wins face-off versus Marian Hossa in RedWings zone.

Period #2

0:01 of 2nd period - Nik Antropov wins face-off versus Marian Hossa in neutral zone.
0:05 of 2nd period - Off-side.
0:06 of 2nd period - Travis Zajac wins face-off versus Marian Hossa in neutral zone.
0:23 of 2nd period - Shot by Keith Yandle.
0:23 of 2nd period - Shot Misses the Net.
0:27 of 2nd period - Shot by Keith Yandle.
0:27 of 2nd period - Shot Blocked by Trevor Daley.
0:29 of 2nd period - Shot by Travis Zajac.
0:29 of 2nd period - Stopped by Corey Crawford without a rebound.
0:30 of 2nd period - Nik Antropov wins face-off versus Marian Hossa in Sabres zone.
1:10 of 2nd period - Minor Penalty to Jamie Langenbrunner for Goalie Interference.
1:11 of 2nd period - Nik Antropov wins face-off versus Ryan Carter in RedWings zone.
1:22 of 2nd period - Shot by Zach Parise.
1:22 of 2nd period - Stopped by Corey Crawford without a rebound.
1:23 of 2nd period - David Legwand wins face-off versus Marty Reasoner in Sabres zone.
1:23 of 2nd period - Chris Stewart is hit by Curtis Glencross and loses puck.
1:40 of 2nd period - Shot by Brett Sterling.
1:40 of 2nd period - Shot Misses the Net.
1:42 of 2nd period - Shot by Karl Alzner.
1:42 of 2nd period - Shot Blocked by Pavel Kubina.
1:46 of 2nd period - Shot by Chris Stewart.
1:46 of 2nd period - Shot Misses the Net.
1:48 of 2nd period - Shot by David Legwand.
1:48 of 2nd period - Deflect By Chris Stewart.
1:48 of 2nd period - Shot Misses the Net.
1:52 of 2nd period - Shot by Chris Stewart.
1:52 of 2nd period - Shot Blocked by Eric Brewer.
2:01 of 2nd period - Minor Penalty to Pavel Kubina for Roughing.
2:02 of 2nd period - Nate Thompson wins face-off versus Dan Cleary in RedWings zone.
2:29 of 2nd period - Shot by Trevor Daley.
2:29 of 2nd period - Shot Blocked by Keith Yandle.
2:31 of 2nd period - Shot by Dan Cleary.
2:31 of 2nd period - Shot Misses the Net.
2:35 of 2nd period - Shot by Tyler Myers.
2:35 of 2nd period - Stopped by Roberto Luongo with a rebound.
2:37 of 2nd period - Shot by Jordan Staal.
2:37 of 2nd period - Shot Misses the Net.
2:41 of 2nd period - Shot by Jordan Staal.
2:41 of 2nd period - Deflect By Dan Cleary.
2:41 of 2nd period - Stopped by Roberto Luongo without a rebound.
2:42 of 2nd period - Marty Reasoner wins face-off versus David Legwand in RedWings zone.
2:55 of 2nd period - Shot by Christian Ehrhoff.
2:55 of 2nd period - Shot Misses the Net.
3:47 of 2nd period - Shot by Tyler Myers.
3:47 of 2nd period - Shot Blocked by Zach Parise.
4:01 of 2nd period - Shot by Jordan Staal.
4:01 of 2nd period - Deflect By Chris Stewart.
4:01 of 2nd period - Shot Misses the Net.
4:05 of 2nd period - Shot by Chris Stewart.
4:05 of 2nd period - Stopped by Roberto Luongo with a rebound.
4:09 of 2nd period - Shot by Mike Richards.
4:09 of 2nd period - Shot Blocked by Pavel Kubina.
4:14 of 2nd period - Icing by Eric Brewer.
4:15 of 2nd period - Marian Hossa wins face-off versus Jamie Langenbrunner in RedWings zone.
4:36 of 2nd period - Icing by Jamie Langenbrunner.
4:37 of 2nd period - Marty Reasoner wins face-off versus David Legwand in RedWings zone.
4:51 of 2nd period - Off-side.
4:52 of 2nd period - Travis Zajac wins face-off versus Jordan Staal in neutral zone.
4:52 of 2nd period - Ryan Whitney is hit by Dan Cleary and loses puck.
5:28 of 2nd period - Shot by Jordan Staal.
5:28 of 2nd period - Deflect By Dan Cleary.
5:28 of 2nd period - Stopped by Roberto Luongo without a rebound.
5:29 of 2nd period - Nik Antropov wins face-off versus David Legwand in RedWings zone.
5:29 of 2nd period - Minor Penalty to Chris Stewart for Hooking.
5:30 of 2nd period - Marian Hossa wins face-off versus Travis Zajac in Sabres zone.
5:36 of 2nd period - Icing by Brian Campbell.
5:37 of 2nd period - Marian Hossa wins face-off versus Travis Zajac in RedWings zone.
5:38 of 2nd period - Shot by Mike Richards.
5:38 of 2nd period - Deflect By Marian Hossa.
5:38 of 2nd period - Stopped by Roberto Luongo without a rebound.
5:39 of 2nd period - Marian Hossa wins face-off versus Travis Zajac in RedWings zone.
5:59 of 2nd period - Icing by Sergei Kostitsyn.
6:00 of 2nd period - Travis Zajac wins face-off versus Tuomo Ruutu in RedWings zone.
6:32 of 2nd period - Tyler Myers is hit by Zach Parise and loses puck.
6:49 of 2nd period - Christian Ehrhoff is hit by Nik Antropov.
6:58 of 2nd period - Icing by Ryan Whitney.
6:59 of 2nd period - Nik Antropov wins face-off versus Tuomo Ruutu in RedWings zone.
7:08 of 2nd period - Shot by Alexandre Burrows.
7:08 of 2nd period - Shot Blocked by Trevor Daley.
7:36 of 2nd period - Shot by Curtis Glencross.
7:36 of 2nd period - Stopped by Corey Crawford without a rebound.
7:37 of 2nd period - David Legwand wins face-off versus Marty Reasoner in Sabres zone.
7:37 of 2nd period - David Legwand is hit by Jamie Langenbrunner.
8:49 of 2nd period - Shot by Dan Cleary.
8:49 of 2nd period - Stopped by Roberto Luongo with a rebound.
8:51 of 2nd period - Shot by Jordan Staal.
8:51 of 2nd period - Stopped by Roberto Luongo without a rebound.
8:52 of 2nd period - Nik Antropov wins face-off versus Tuomo Ruutu in RedWings zone.
8:59 of 2nd period - Tuomo Ruutu is hit by Sergei Kostitsyn and loses puck.
9:44 of 2nd period - Trevor Daley is hit by Zach Parise and loses puck.
10:03 of 2nd period - Shot by Dan Cleary.
10:03 of 2nd period - Stopped by Roberto Luongo without a rebound.
10:04 of 2nd period - David Legwand wins face-off versus Marty Reasoner in RedWings zone.
10:04 of 2nd period - David Legwand is hit by Pavel Kubina.
10:08 of 2nd period - Shot by Chris Stewart.
10:08 of 2nd period - Shot Misses the Net.
10:10 of 2nd period - Shot by David Legwand.
10:10 of 2nd period - Shot Misses the Net.
10:14 of 2nd period - Shot by Grant Clitsome.
10:14 of 2nd period - Shot Misses the Net.
10:15 of 2nd period - Minor Penalty to Pavel Kubina for Holding.
10:16 of 2nd period - Jordan Staal wins face-off versus Marty Reasoner in RedWings zone.
10:25 of 2nd period - Shot by Jordan Staal.
10:25 of 2nd period - Stopped by Roberto Luongo without a rebound.
10:26 of 2nd period - Mike Richards wins face-off versus Marty Reasoner in RedWings zone.
10:29 of 2nd period - Shot by Marian Hossa.
10:29 of 2nd period - Shot Blocked by Eric Brewer.
10:31 of 2nd period - Shot by Mike Richards.
10:31 of 2nd period - Stopped by Roberto Luongo with a rebound.
10:33 of 2nd period - Shot by Mike Richards.
10:33 of 2nd period - Stopped by Roberto Luongo without a rebound.
10:34 of 2nd period - Nate Thompson wins face-off versus Jordan Staal in RedWings zone.
10:34 of 2nd period - Nate Thompson is hit by Dan Cleary.
11:55 of 2nd period - Alexandre Burrows is hit by Dan Cleary and loses puck.
12:10 of 2nd period - Shot by Marian Hossa.
12:10 of 2nd period - Stopped by Roberto Luongo without a rebound.
12:11 of 2nd period - Mike Richards wins face-off versus Nate Thompson in RedWings zone.
12:43 of 2nd period - Shot by Chris Stewart.
12:43 of 2nd period - Stopped by Roberto Luongo without a rebound.
12:44 of 2nd period - Alexandre Burrows wins face-off versus Mike Richards in RedWings zone.
13:14 of 2nd period - Off-side.
13:15 of 2nd period - David Legwand wins face-off versus Curtis Glencross in neutral zone.
13:15 of 2nd period - Chris Stewart is hit by Curtis Glencross and loses puck.
13:25 of 2nd period - Karl Alzner is hit by Jamie Langenbrunner and loses puck.
13:36 of 2nd period - Brett Sterling is hit by Eric Brewer and loses puck.
13:55 of 2nd period - Shot by Jamie Langenbrunner.
13:55 of 2nd period - Shot Blocked by David Legwand.
13:57 of 2nd period - Shot by Pavel Kubina.
13:57 of 2nd period - Shot Misses the Net.
14:20 of 2nd period - Nate Thompson is hit by Christian Ehrhoff and loses puck.
14:33 of 2nd period - Shot by Jeff Schultz.
14:33 of 2nd period - Shot Misses the Net.
14:35 of 2nd period - Shot by Marian Hossa.
14:35 of 2nd period - Shot Misses the Net.
14:41 of 2nd period - Shot by Marian Hossa.
14:41 of 2nd period - Stopped by Roberto Luongo with a rebound.
14:43 of 2nd period - Shot by Ryan Carter.
14:43 of 2nd period - Shot Misses the Net.
14:45 of 2nd period - Shot by Christian Ehrhoff.
14:45 of 2nd period - Shot Misses the Net.
15:18 of 2nd period - Off-side.
15:19 of 2nd period - Marty Reasoner wins face-off versus Mike Richards in neutral zone.
15:38 of 2nd period - Shot by Brad Stuart.
15:38 of 2nd period - Stopped by Roberto Luongo without a rebound.
15:39 of 2nd period - Nik Antropov wins face-off versus Jordan Staal in RedWings zone.
15:53 of 2nd period - Icing by Tyler Myers.
15:54 of 2nd period - Jordan Staal wins face-off versus Marty Reasoner in Sabres zone.
17:28 of 2nd period - Icing by Ryan Whitney.
17:29 of 2nd period - Travis Zajac wins face-off versus Mike Richards in RedWings zone.
18:03 of 2nd period - Shot by Tuomo Ruutu.
18:03 of 2nd period - Shot Misses the Net.
18:05 of 2nd period - Shot by Marian Hossa.
18:05 of 2nd period - Shot Misses the Net.
18:07 of 2nd period - Shot by Mike Richards.
18:07 of 2nd period - Shot Blocked by Travis Zajac.
18:11 of 2nd period - Shot by Marian Hossa.
18:11 of 2nd period - Shot Misses the Net.
18:24 of 2nd period - Off-side.
18:25 of 2nd period - Marty Reasoner wins face-off versus Jordan Staal in neutral zone.
18:34 of 2nd period - Shot by Curtis Glencross.
18:34 of 2nd period - Stopped by Corey Crawford without a rebound.
18:35 of 2nd period - David Legwand wins face-off versus Nik Antropov in Sabres zone.
19:04 of 2nd period - Icing by Brian Campbell.
19:05 of 2nd period - Nik Antropov wins face-off versus Jordan Staal in RedWings zone.
19:43 of 2nd period - Icing by Marty Reasoner.
19:44 of 2nd period - Marty Reasoner wins face-off versus Mike Richards in RedWings zone.

Period #3

0:01 of 3rd period - Travis Zajac wins face-off versus Mike Richards in neutral zone.
0:04 of 3rd period - Shot by Alexandre Burrows.
0:04 of 3rd period - Shot Misses the Net.
0:06 of 3rd period - Shot by Alexandre Burrows.
0:06 of 3rd period - Stopped by Corey Crawford without a rebound.
0:07 of 3rd period - Nik Antropov wins face-off versus Jordan Staal in Sabres zone.
0:08 of 3rd period - Shot by Zach Parise.
0:08 of 3rd period - Shot Misses the Net.
0:10 of 3rd period - Shot by Zach Parise.
0:10 of 3rd period - Stopped by Corey Crawford without a rebound.
0:11 of 3rd period - Mike Richards wins face-off versus Travis Zajac in Sabres zone.
0:43 of 3rd period - Shot by Alexandre Burrows.
0:43 of 3rd period - Deflect By Travis Zajac.
0:43 of 3rd period - Shot Blocked by Brad Stuart.
1:29 of 3rd period - Shot by Sergei Kostitsyn.
1:29 of 3rd period - Shot Misses the Net.
1:31 of 3rd period - Shot by Brian Campbell.
1:31 of 3rd period - Stopped by Corey Crawford without a rebound.
1:32 of 3rd period - Jordan Staal wins face-off versus Curtis Glencross in Sabres zone.
1:45 of 3rd period - Shot by Jordan Staal.
1:45 of 3rd period - Shot Misses the Net.
1:49 of 3rd period - Shot by Dan Cleary.
1:49 of 3rd period - Stopped by Roberto Luongo without a rebound.
1:50 of 3rd period - Nate Thompson wins face-off versus David Legwand in RedWings zone.
2:14 of 3rd period - Off-side.
2:15 of 3rd period - Jordan Staal wins face-off versus Marty Reasoner in neutral zone.
2:19 of 3rd period - Minor Penalty to Jordan Staal for Hooking.
2:20 of 3rd period - Ray Whitney wins face-off versus Dan Cleary in Sabres zone.
2:23 of 3rd period - Shot by Alexandre Burrows.
2:23 of 3rd period - Shot Misses the Net.
2:51 of 3rd period - Shot by Ray Whitney.
2:51 of 3rd period - Stopped by Corey Crawford without a rebound.
2:52 of 3rd period - Travis Zajac wins face-off versus Tuomo Ruutu in Sabres zone.
4:00 of 3rd period - Shot by Keith Yandle.
4:00 of 3rd period - Stopped by Corey Crawford with a rebound.
4:23 of 3rd period - Icing by Pavel Kubina.
4:24 of 3rd period - Marty Reasoner wins face-off versus David Legwand in RedWings zone.
4:55 of 3rd period - Shot by Marty Reasoner.
4:55 of 3rd period - Stopped by Corey Crawford without a rebound.
4:56 of 3rd period - Nate Thompson wins face-off versus Jordan Staal in Sabres zone.
5:52 of 3rd period - Off-side.
5:53 of 3rd period - Nik Antropov wins face-off versus Tuomo Ruutu in neutral zone.
6:31 of 3rd period - Marian Hossa is hit by Paul Martin and loses puck.
6:35 of 3rd period - Icing by Zach Parise.
6:36 of 3rd period - David Legwand wins face-off versus Nik Antropov in RedWings zone.
7:05 of 3rd period - Shot by David Legwand.
7:05 of 3rd period - Stopped by Roberto Luongo without a rebound.
7:06 of 3rd period - Marty Reasoner wins face-off versus Ryan Carter in RedWings zone.
7:06 of 3rd period - Marty Reasoner is hit by Ryan Carter.
7:47 of 3rd period - Shot by Curtis Glencross.
7:47 of 3rd period - Shot Blocked by Christian Ehrhoff.
8:16 of 3rd period - Icing by Jordan Staal.
8:17 of 3rd period - Jordan Staal wins face-off versus Travis Zajac in Sabres zone.
8:33 of 3rd period - Icing by Ryan Whitney.
8:34 of 3rd period - David Legwand wins face-off versus Travis Zajac in RedWings zone.
9:05 of 3rd period - Shot by Brett Sterling.
9:05 of 3rd period - Shot Blocked by Keith Yandle.
9:09 of 3rd period - Shot by Chris Stewart.
9:09 of 3rd period - Stopped by Roberto Luongo with a rebound.
9:13 of 3rd period - Shot by Brett Sterling.
9:13 of 3rd period - Stopped by Roberto Luongo without a rebound.
9:14 of 3rd period - Sergei Kostitsyn wins face-off versus Jordan Staal in RedWings zone.
10:09 of 3rd period - Marty Reasoner is hit by Dan Cleary and loses puck.
10:31 of 3rd period - Shot by Jamie Langenbrunner.
10:31 of 3rd period - Stopped by Corey Crawford with a rebound.
10:33 of 3rd period - Shot by Eric Brewer.
10:33 of 3rd period - Shot Blocked by Tyler Myers.
10:37 of 3rd period - Shot by Curtis Glencross.
10:37 of 3rd period - Stopped by Corey Crawford with a rebound.
10:39 of 3rd period - Shot by Jamie Langenbrunner.
10:39 of 3rd period - Stopped by Corey Crawford with a rebound.
10:42 of 3rd period - Marty Reasoner is hit by Tyler Myers and loses puck.
11:10 of 3rd period - Icing by Nate Thompson.
11:11 of 3rd period - David Legwand wins face-off versus Nate Thompson in RedWings zone.
11:21 of 3rd period - Nate Thompson is hit by Grant Clitsome and loses puck.
11:38 of 3rd period - Shot by Ray Whitney.
11:38 of 3rd period - Stopped by Corey Crawford without a rebound.
11:39 of 3rd period - Nik Antropov wins face-off versus Mike Richards in Sabres zone.
11:40 of 3rd period - Shot by Zach Parise.
11:40 of 3rd period - Shot Blocked by Mike Richards.
12:19 of 3rd period - Shot by Mike Richards.
12:19 of 3rd period - Deflect By Tuomo Ruutu.
12:19 of 3rd period - Shot Blocked by Paul Martin.
12:21 of 3rd period - Shot by Marian Hossa.
12:21 of 3rd period - Goal by Marian Hossa - Sabres : 2 - RedWings : 0.
12:22 of 3rd period - David Legwand wins face-off versus Marty Reasoner in neutral zone.
12:31 of 3rd period - Shot by Brett Sterling.
12:31 of 3rd period - Shot Misses the Net.
12:41 of 3rd period - Minor Penalty to Pavel Kubina for Cross-checking.
12:42 of 3rd period - Marty Reasoner wins face-off versus Mike Richards in RedWings zone.
12:50 of 3rd period - Christian Ehrhoff is hit by Keith Yandle and loses puck.
13:21 of 3rd period - Alexandre Burrows is hit by Jordan Staal and loses puck.
13:23 of 3rd period - Minor Penalty to Eric Brewer for Hooking.
13:24 of 3rd period - Nate Thompson wins face-off versus Jordan Staal in RedWings zone.
13:50 of 3rd period - Shot by Tyler Myers.
13:50 of 3rd period - Stopped by Roberto Luongo without a rebound.
13:51 of 3rd period - Marian Hossa wins face-off versus Nate Thompson in RedWings zone.
14:41 of 3rd period - Marty Reasoner is hit by Dan Cleary and loses puck.
14:54 of 3rd period - Shot by Dan Cleary.
14:54 of 3rd period - Stopped by Roberto Luongo without a rebound.
14:55 of 3rd period - Marty Reasoner wins face-off versus David Legwand in RedWings zone.
15:05 of 3rd period - Icing by Grant Clitsome.
15:06 of 3rd period - David Legwand wins face-off versus Nate Thompson in Sabres zone.
15:11 of 3rd period - Shot by Grant Clitsome.
15:11 of 3rd period - Shot Misses the Net.
15:39 of 3rd period - Jordan Staal is hit by Paul Martin and loses puck.
15:40 of 3rd period - Jordan Staal from Sabres is injured at 15:40 of 3rd period (Sprained Left Knee).
15:41 of 3rd period - Marian Hossa wins face-off versus Travis Zajac in RedWings zone.
16:40 of 3rd period - Icing by Karl Alzner.
16:41 of 3rd period - Marty Reasoner wins face-off versus David Legwand in Sabres zone.
17:06 of 3rd period - Shot by Karl Alzner.
17:06 of 3rd period - Stopped by Roberto Luongo without a rebound.
17:07 of 3rd period - Tuomo Ruutu wins face-off versus Nik Antropov in RedWings zone.
17:14 of 3rd period - Brad Stuart is hit by Nik Antropov and loses puck.
17:23 of 3rd period - Shot by Nik Antropov.
17:23 of 3rd period - Stopped by Corey Crawford without a rebound.
17:24 of 3rd period - Mike Richards wins face-off versus Travis Zajac in Sabres zone.
17:24 of 3rd period - Tuomo Ruutu is hit by Alexandre Burrows and loses puck.
17:31 of 3rd period - Shot by Ryan Whitney.
17:31 of 3rd period - Shot Misses the Net.
17:33 of 3rd period - Shot by Alexandre Burrows.
17:33 of 3rd period - Shot Misses the Net.
17:35 of 3rd period - Shot by Alexandre Burrows.
17:35 of 3rd period - Shot Blocked by Trevor Daley.
17:41 of 3rd period - Shot by Travis Zajac.
17:41 of 3rd period - Shot Misses the Net.
17:43 of 3rd period - Shot by Alexandre Burrows.
17:43 of 3rd period - Stopped by Corey Crawford without a rebound.
17:44 of 3rd period - Marty Reasoner wins face-off versus Marian Hossa in Sabres zone.
18:05 of 3rd period - Shot by Brett Sterling.
18:05 of 3rd period - Goal by Brett Sterling - Sabres : 3 - RedWings : 0.
18:06 of 3rd period - David Legwand wins face-off versus Nik Antropov in neutral zone.
18:31 of 3rd period - Shot by Chris Stewart.
18:31 of 3rd period - Shot Blocked by Brian Campbell.
19:01 of 3rd period - Mike Richards is hit by Curtis Glencross and loses puck.
19:05 of 3rd period - Minor Penalty to Brad Stuart for High sticking.
19:06 of 3rd period - Tuomo Ruutu wins face-off versus Nik Antropov in Sabres zone.
19:34 of 3rd period - Icing by Ray Whitney.
19:35 of 3rd period - Nik Antropov wins face-off versus Marian Hossa in RedWings zone.


Output by the SimonT Hockey Simulator (STHS) for Stephane Roy -- Original Page W3C XHTML 1.0 Valid